 Dungeon Crawl Stone Soup version 0.23-a0-296-ga3b1b28ecf (webtiles) character file.

25 Holzbalken the Cudgeler (level 2, -1/22 HPs)
             Began as a Demonspawn Gladiator on Oct 5, 2018.
             Was a Follower of Ru.
             Slain by a quokka (3 damage)
             ... on level 3 of the Dungeon.
             The game lasted 00:03:51 (750 turns).

Holzbalken the Cudgeler (Demonspawn Gladiator)       Turns: 750, Time: 00:03:52

Health: -1/22      AC:  6    Str: 14    XL:     2   Next: 86%
Magic:  2/2        EV: 12    Int:  9    God:    Ru [*.....]
Gold:   65         SH:  0    Dex: 14    Spells: 1/1 levels left

rFire    . . .     SeeInvis .   a - +0 flail
rCold    . . .     Gourm    .   (no shield)
rNeg     . . .     Faith    .   b - +0 leather armour
rPois    .         Spirit   .   c - +0 helmet
rElec    .         Reflect  .   (no cloak)
rCorr    .         Harm     .   (no gloves)
MR       .....                  (no boots)
Stlth    +.........             g - amulet of regeneration
HPRegen  0.47/turn              (no ring)
MPRegen  0.08/turn              (no ring)

@: no status effects
A: molten scales 1, hated by all
a: Renounce Religion


You were on level 3 of the Dungeon.
You worshipped Ru.
Ru was aware of your devotion.
You were not hungry.

You visited 1 branch of the dungeon, and saw 3 of its levels.

You collected 65 gold pieces.

Inventory:

Hand Weapons
 a - a +0 flail (weapon)
Missiles
 d - 3 throwing nets (quivered)
Armour
 b - a +0 leather armour (worn)
 c - a +0 helmet (worn)
Jewellery
 g - an amulet of regeneration (around neck)
Wands
 k - a wand of digging (10)
Scrolls
 e - a scroll of remove curse {unknown}
 i - a scroll of random uselessness {unknown}
 j - 2 scrolls of identify {unknown}
Potions
 h - a potion of brilliance {unknown}
Comestibles
 f - 2 rations


   Skills:
 - Level 2.0 Fighting
 + Level 3.7 Maces & Flails
 - Level 1.7 Throwing
 - Level 2.6 Dodging


You had one spell level left.
You didn't know any spells.
Your spell library was empty.

Dungeon Overview and Level Annotations

Branches:
Dungeon (3/15)

Altars:
Ru


Innate Abilities, Weirdness & Mutations

You are partially covered in molten scales. (AC +2)
You are hated by all.


Message History

The frilled lizard bites you but does no damage.
The hobgoblin hits you but does no damage.
The adder barely misses you. The quokka bites you.
The goblin hits you but does no damage. The rat bites you.
The adder misses you.
The quokka bites you but does no damage.
The frilled lizard closely misses you. The hobgoblin hits you with a club.
* * * LOW HITPOINT WARNING * * *
The goblin closely misses you. The rat closely misses you.
The adder bites you but does no damage. The quokka barely misses you.
The frilled lizard completely misses you.
The hobgoblin closely misses you. The goblin hits you but does no damage.
The adder closely misses you. The rat bites you but does no damage.
The quokka bites you.
* * * LOW HITPOINT WARNING * * *
The frilled lizard barely misses you. The adder closely misses you.
The hobgoblin hits you but does no damage.
The goblin hits you but does no damage. The quokka bites you.
You die...

########
##......##
##........##
#.......r..#
#.....g@S..#
#.....glr..#
#..........#
...........#
##........##
..........#
#.........<
...........#


You could see an adder, a quokka, a hobgoblin, a goblin, a frilled lizard and a
rat.

Vanquished Creatures
  A worm (D:2)
  A dart slug (D:1)
  A bat (D:2)
  A giant cockroach (D:1)
  3 goblins
  2 hobgoblins (D:1)
  3 jackals (D:2)
  2 kobolds (D:1)
  2 frilled lizards
  2 rats
18 creatures vanquished.

Notes
Turn   | Place    | Note
-------+----------+-------------------------------------------
     0 | D:1      | Holzbalken the Demonspawn Gladiator began the quest for the
                  | Orb.
     0 | D:1      | Reached XP level 1. HP: 16/16 MP: 1/1
    51 | D:1      | Reached skill level 3 in Maces & Flails
    72 | D:1      | Gained mutation: You are partially covered in molten
                  | scales. (AC +2) [demonic ancestry]
    72 | D:1      | Reached XP level 2. HP: 20/22 MP: 2/2
   415 | D:2      | Found a faded altar of an unknown god.
   418 | D:2      | Became a worshipper of Ru the Awakened
   419 | D:2      | Gained mutation: You are hated by all. [Ru sacrifice]
   419 | D:2      | Reached * piety under Ru
   749 | D:3      | HP: 1/22 [quokka (3)]
   750 | D:3      | Slain by a quokka

Vault maps used:
D:1:      dpeg_arrival_rooms_c, minmay_three_crescents
D:2:      chequers_ecumenical_altar_grove

Skill      XL: |  1 |
---------------+----+-----
Maces & Flails | 3 |  3.7
Fighting       | |  2.0
Throwing       | |  1.7
Dodging        | |  2.6

Action                   || total
-------------------------++-------
Melee: Flail             ||    59
Invok: Sacrifice Love    ||     1
 Stab: Sleeping          ||     1
Armor: Leather armour    ||   113
Dodge: Dodged            ||   203

Table legend:
 A = Non-vault XP
 B = Vault XP
 C = Vault XP percentage of total XP
 D = Non-vault monster count
 E = Vault monster count
 F = Vault count percentage of total count
                 A         B        C        D         E       F
            +---------+---------+-------+---------+---------+-------
      Total |      37 |       0 |   0.0 |      18 |       0 |   0.0
            +---------+---------+-------+---------+---------+-------
        D:1 |      18 |       0 |   0.0 |       9 |       0 |   0.0
        D:2 |      19 |       0 |   0.0 |       9 |       0 |   0.0
            +---------+---------+-------+---------+---------+-------
